 Dungeon Crawl Stone Soup version 0.30.1-11-g7821555f0a (webtiles) character file.

Game seed: 3774632799330339257

15640 fireball365 the Severer (level 12, -15/108 HPs)
             Began as a Hill Orc Fighter on Dec 15, 2023.
             Was an Initiate of Gozag.
             Demolished by an enormous slime creature (35 damage)
             ... on level 12 of the Dungeon.
             The game lasted 00:19:36 (11486 turns).

fireball365 the Severer (Hill Orc Fighter)         Turns: 11486, Time: 00:19:38

Health: -15/108    AC: 22    Str: 24    XL:     12   Next: 29%
Magic:  0/21       EV:  9    Int:  8    God:    Gozag
Gold:   1900       SH:  5    Dex:  6    Spells: 11/11 levels left

rFire   + . .        H - +10 morningstar of Hivyn {flame, rPois rF+ Dex-4 Stlth+}
rCold   . . .        c - +0 buckler
rNeg    . . .        l - +0 chain mail
rPois   +            n - +0 helmet
rElec   .            F - +1 cloak
rCorr   .            K - +1 pair of gloves
SInv    .            (no boots)
Will    .....        j - amulet of guardian spirit Stlth
                     b - +4 ring of protection
HPRegen 0.38/turn    s - ring of magical power
MPRegen 0.17/turn

%: guardian spirit
@: about to teleport
A: no striking features
a: Renounce Religion, Potion Petition, Call Merchant, Bribe Branch


You were on level 12 of the Dungeon.
You worshipped Gozag.
Gozag was most pleased with you.
You visited 2 branches of the dungeon, and saw 13 of its levels.

You collected 2035 gold pieces.
You paid 135 gold pieces to Gozag.

Inventory:

Hand Weapons
 a - a +1 war axe of electrocution
 H - the +10 morningstar of Hivyn (weapon) {flame, rPois rF+ Dex-4 Stlth+}
   (You found it on level 11 of the Dungeon)

   Dex:       It affects your dexterity (-4).
   rF:        It protects you from fire.
   rPois:     It protects you from poison.
   Stlth:     It makes you more stealthy.
Missiles
 o - a throwing net
 v - 10 javelins (quivered)
 x - 5 silver boomerangs
Armour
 c - a +0 buckler (worn)
 l - a +0 chain mail (worn)
 n - a +0 helmet (worn)
 D - a +0 plate armour
 F - a +1 cloak (worn)
 K - a +1 pair of gloves (worn)
Jewellery
 b - a +4 ring of protection (left hand)
 e - an amulet of reflection
 g - an amulet of guardian spirit
 j - an amulet of guardian spirit (around neck)
 k - a ring of protection from fire
 s - a ring of magical power (right hand)
 J - a ring of poison resistance
Wands
 q - a wand of paralysis (17)
 B - a wand of flame (7)
Scrolls
 f - 3 scrolls of teleportation
 p - 3 scrolls of fear
 r - 3 scrolls of vulnerability
 y - a scroll of immolation
 z - a scroll of butterflies
 A - 2 scrolls of amnesia
 M - 2 scrolls of enchant weapon
 N - a scroll of acquirement {unknown}
Potions
 d - 6 potions of might
 h - 2 potions of ambrosia
 i - 7 potions of degeneration
 t - 2 potions of cancellation
 u - 2 potions of brilliance
 w - a potion of lignification {unknown}
 C - 2 potions of berserk rage
 E - 2 potions of curing
 G - a potion of resistance {unknown}
 I - 3 potions of flight
 L - a potion of attraction {unknown}


   Skills:
 + Level 10.9 Fighting
 + Level 16.2(16.4) Axes
 + Level 3.7(9.7) Maces & Flails
 + Level 11.0 Armour
 + Level 3.4 Dodging
 + Level 0.2 Stealth
 + Level 7.4 Shields


You had 11 spell levels left.
You didn't know any spells.
Your spell library contained the following spells:

 Spells                   Type           Power      Damage    Failure   Level
 Kiss of Death            Conj/Necr      0%         2d5       91%         1
 Magic Dart               Conj           0%         1d3       91%         1
 Blink                    Tloc           0%         N/A       97%         2
 Call Imp                 Summ           0%         N/A       97%         2
 Lesser Beckoning         Tloc           0%         N/A       97%         2
 Momentum Strike          Conj/Tloc      0%         3d8       97%         2
 Call Canine Familiar     Summ           0%         N/A       99%         3
 Confusing Touch          Hex            0%         N/A       99%         3
 Inner Flame              Hex/Fire       0%         N/A       99%         3
 Mephitic Cloud           Conj/Pois/Air  0%         N/A       99%         3
 Portal Projectile        Hex/Tloc       0%         N/A       99%         3
 Volatile Blastmotes      Fire/Tloc      0%         2d10      99%         3
 Dispel Undead            Necr           0%         3d6       100%        4
 Flame Wave               Conj/Fire      0%         2d4       100%        4
 Fulminant Prism          Conj/Hex       0%         3d5       100%        4
 Iskenderun's Mystic Bla  Conj/Tloc      0%         2d3       100%        4
 Leda's Liquefaction      Hex/Erth       0%         N/A       100%        4
 Sticky Flame             Conj/Fire      0%         2d3       100%        4
 Lee's Rapid Deconstruct  Erth           0%         3d4*      100%        5


Dungeon Overview and Level Annotations

Branches:
Dungeon (12/15)            Temple (1/1) D:7            Lair (0/5) D:8
    Orc (0/2) D:11

Altars:
Dithmenos
Elyvilon
Fedhas
Gozag
Hepliaklqana
Kikubaaqudgha
Makhleb
Okawaru
Qazlal
Ru
Sif Muna
Trog
Uskayaw
Vehumet
Yredelemnul
Zin

Shops:
D:7 (


Message History

You see here 5 gold pieces.
You barely miss the large slime creature.
Two slime creatures merge to form a very large slime creature.
The skeletal warrior throws a stone.
You block the stone.
The skeletal warrior hits you from afar with a +0 glaive!
You impale the very large slime creature!!
You burn the very large slime creature.
The very large slime creature is lightly wounded.
The skeletal warrior barely misses you.
The very large slime creature closely misses you.
The skeletal warrior completely misses you.
You impale the very large slime creature!!
You burn the very large slime creature.
The very large slime creature is moderately wounded.
You block the skeletal warrior's attack.
The very large slime creature hits you!!!
The skeletal warrior hits you but does no damage.
Two slime creatures merge to form an enormous slime creature.
You feel much better.
The skeletal warrior hits you from afar with a +0 glaive!
The skeletal warrior hits you but does no damage.
As you read the scroll of teleportation, it crumbles to dust.
You feel strangely unstable. The skeletal warrior barely misses you.
You block the skeletal warrior's attack.
You sock the enormous slime creature! You burn the enormous slime creature.
The enormous slime creature is moderately wounded.
The skeletal warrior hits you from afar with a +0 glaive!
The skeletal warrior hits you from afar with a +0 halberd!
* * * LOW HITPOINT WARNING * * *
The enormous slime creature closely misses you.
The skeletal warrior barely misses you.
The skeletal warrior hits you from afar with a +0 halberd!
* * * LOW HITPOINT WARNING * * *
You impale the enormous slime creature!!
You burn the enormous slime creature!
The enormous slime creature is heavily wounded.
The skeletal warrior misses you. The skeletal warrior barely misses you.
The enormous slime creature hits you!!!
You die...
Your body crumbles into a pile of gold.

###....###########'#......##
#.#..#...........######...
#.#..#...........# ##
###....#.....###...#
#....###.....###...#
#.##.#.............# $
#....#.............#
#....####)....##'####
##......#.....##@.z.#
.#.###..#......#J.z.#
.#......#......#$##.# #+
##......########...J######...
#######'## #'###.zJ....#
.........# ... #.J.....#
.........# ... #..###..#..
.........# .....#.$.Y......
########## ######zWYY......


You could see 2 skeletal warriors and an enormous slime creature.

Vanquished Creatures
  A centaur warrior (D:12)
  A two-headed ogre (D:12)
  A skeletal warrior (D:12)
  Pikel (D:9)
  3 cyclopes
  A komodo dragon (D:8)
  2 trolls
  Prince Ribbit (D:6)
  8 slime creatures
  A shadow (D:10)
  22 yaks
  A wraith (D:10)
  A vampire (D:8)
  5 wyverns
  2 basilisks
  Eustachio (D:6)
  2 steam dragons
  2 acid dragons (D:10)
  2 water moccasins (D:8)
  2 sky beasts
  3 ice beasts
  3 orc warriors
  3 black bears
  4 wolves (D:8)
  An ogre (D:3)
  4 centaurs
  2 lemures (D:9)
  3 kobold brigands
  A gnoll sergeant (D:7)
  5 scorpions
  Blork the orc (D:5)
  4 bullfrogs
  3 wights (D:8)
  13 killer bees
  13 howler monkeys
  3 hounds
  Crazy Yiuf (D:6)
  An orc priest (D:11)
  3 gnoll boudas
  3 sleepcaps
  An iguana (D:4)
  12 orc wizards
  15 gnolls
  8 adders
  A shadow imp (D:7)
  A white imp (D:7)
  2 worms
  2 dart slugs
  22 orcs
  8 endoplasms
  4 giant cockroaches
  10 goblins
  5 hobgoblins
  6 jackals
  20 kobolds
  3 quokkas
  4 ball pythons
  5 frilled lizards (D:1)
  3 rats
266 creatures vanquished.

Notes
Turn   | Place    | Note
-------+----------+-------------------------------------------
     0 | D:1      | fireball365 the Hill Orc Fighter began the quest for the
                  | Orb.
     0 | D:1      | Reached XP level 1. HP: 19/19 MP: 1/1
   174 | D:1      | Reached XP level 2. HP: 27/27 MP: 2/2
   360 | D:1      | Reached skill level 3 in Axes
   360 | D:1      | Reached XP level 3. HP: 17/33 MP: 3/3
  1034 | D:2      | Reached XP level 4. HP: 36/40 MP: 4/4
  1265 | D:2      | Found a faded altar of an unknown god.
  1330 | D:2      | Reached skill level 4 in Axes
  1564 | D:3      | Found a blossoming altar of Fedhas.
  1770 | D:3      | Noticed an ogre
  1775 | D:3      | Reached XP level 5. HP: 44/47 MP: 5/5
  1779 | D:3      | Killed an ogre
  1780 | D:3      | Reached skill level 5 in Axes
  1799 | D:3      | Reached skill level 1 in Dodging
  1799 | D:3      | Reached XP level 6. HP: 27/55 MP: 3/6
  3006 | D:4      | Reached skill level 5 in Fighting
  3312 | D:5      | Entered Level 5 of the Dungeon
  3312 | D:5      | Noticed Blork the orc
  3322 | D:5      | Killed Blork the orc
  3323 | D:5      | Reached skill level 6 in Axes
  3323 | D:5      | Reached XP level 7. HP: 58/61 MP: 5/7
  3341 | D:5      | Reached skill level 5 in Armour
  3420 | D:5      | Reached skill level 7 in Axes
  3707 | D:5      | Reached XP level 8. HP: 57/69 MP: 5/8
  3809 | D:5      | Reached skill level 8 in Axes
  4081 | D:6      | Reached skill level 9 in Axes
  4260 | D:6      | Noticed Prince Ribbit
  4284 | D:6      | Killed Prince Ribbit
  4285 | D:6      | Reached skill level 5 in Shields
  4463 | D:6      | Found a runed translucent door.
  4464 | D:6      | Noticed Crazy Yiuf
  4537 | D:6      | Noticed Eustachio
  4563 | D:6      | Killed Eustachio
  4564 | D:6      | Reached XP level 9. HP: 76/78 MP: 9/9
  4689 | D:6      | Reached skill level 10 in Axes
  4793 | D:6      | Killed Crazy Yiuf
  5021 | D:7      | Found Debliuf's Antique Weapon Emporium.
  5522 | D:7      | Found a staircase to the Ecumenical Temple.
  5539 | Temple   | Entered the Ecumenical Temple
  5575 | Temple   | Became a worshipper of Gozag Ym Sagoz the Greedy
  5859 | D:7      | Reached skill level 11 in Axes
  6069 | D:8      | Found a sacrificial altar of Ru.
  6108 | D:8      | Reached skill level 12 in Axes
  6120 | D:8      | Reached XP level 10. HP: 54/88 MP: 7/10
  6423 | D:8      | Reached skill level 13 in Axes
  6529 | D:8      | Found a staircase to the Lair.
  6846 | D:8      | Found an iron altar of Okawaru.
  7276 | D:9      | Noticed Pikel
  7285 | D:9      | Killed Pikel
  7393 | D:8      | Reached skill level 14 in Axes
  7395 | D:8      | Reached XP level 11. HP: 29/97 MP: 4/11
  7939 | D:9      | Reached skill level 15 in Axes
  8134 | D:9      | Found a shimmering blue altar of Sif Muna.
  8137 | D:9      | Found a radiant altar of Vehumet.
  8146 | D:9      | Found a hazy altar of Hepliaklqana.
  8149 | D:9      | Found a burning altar of Makhleb.
  8371 | D:9      | Reached skill level 10 in Armour
  8596 | D:10     | Entered Level 10 of the Dungeon
  8613 | D:10     | Reached skill level 10 in Fighting
  8716 | D:10     | Found a glowing silver altar of Zin.
  8716 | D:10     | Noticed an angel
  9855 | D:11     | Found a staircase to the Orcish Mines.
 10035 | D:11     | Identified the +10 morningstar of Hivyn {flame, rPois rF+
                  | Dex-4 Stlth+}
 10107 | D:11     | Noticed a cyclops
 10116 | D:11     | Killed a cyclops
 10134 | D:11     | Noticed a cyclops
 10145 | D:11     | Killed a cyclops
 10146 | D:11     | Reached skill level 16 in Axes
 10607 | D:12     | Noticed a cyclops
 10614 | D:12     | Killed a cyclops
 10615 | D:12     | Reached skill level 1 in Maces & Flails
 10615 | D:12     | Reached XP level 12. HP: 108/108 MP: 12/12
 11030 | D:12     | Noticed a two-headed ogre
 11040 | D:12     | Killed a two-headed ogre
 11077 | D:12     | Noticed a centaur warrior
 11087 | D:12     | Killed a centaur warrior
 11486 | D:12     | Demolished by an enormous slime creature

Illustrated notes

Levels and vault maps discovered:
D:1:      dpeg_arrival_central, layout_rooms, minmay_misc_feat_ornament,
          minmay_misc_feat_tower
D:2:      kennysheep_the_goblin_king, layout_basic,
          dreamdust_ecumenical_altar_grove
D:3:      layout_loops_ring, fedhas_altar_2, serial_forest,
          infiniplex_forest_join, infiniplex_forest_clump_small,
          infiniplex_forest_clump_cross, infiniplex_forest_corner_1,
          infiniplex_forest_corner_2
D:4:      layout_basic
D:5:      layout_cave_pools, uniq_blork_the_orc
D:6:      layout_rooms, uniq_eustachio, uniq_prince_ribbit1,
          uniq_crazy_yiuf_cottage
D:7:      layout_gridville, minmay_temple_entry_slanted, serial_shops,
          nicolae_shop_just_a_little_nook, nicolae_benzene_ring, st_stairs_3
D:8:      layout_basic, lemuel_round_altar, mainiacjoe_overflow_paths,
          minmay_lair_entry_grove, minmay_diced_spiral
D:9:      layout_cave_pools, grunt_temple_overflow_cloverleaf,
          hangedman_abyss_or_decor_stabs, uniq_pikel
D:10:     layout_long_grid, zin_angel, kennysheep_generic_room_11
D:11:     layout_gridville, orc_0_dummy, kennysheep_crisscross
D:12:     layout_stronghold
Temple:   nicolae_temple_great_sept

Skill      XL: |  1  2  3  4  5  6  7  8  9 10 11 12 |
---------------+-------------------------------------+-----
Fighting       | 4 5 6 7 9 10 | 10.9
Axes           | 3 4 5 6 7 9 12 14 16 | 16.2
Shields        | 4 5 6 7 |  7.4
Armour         | 4 5 6 8 9 10 11 | 11.0
Dodging        | 1 2 3 |  3.4
Maces & Flails | 1 3 |  3.7
Stealth        | |  0.2

Action                     |  1- 3 |  4- 6 |  7- 9 | 10-12 || total
---------------------------+-------+-------+-------+-------++-------
  Melee: War axe           |    85 |   179 |   246 |   310 ||   820
         Morningstar       |       |       |       |    63 ||    63
    Use: Scroll            |     1 |     1 |    10 |    12 ||    24
         Potion            |       |     2 |       |     6 ||     8
 Armour: Scale mail        |     6 |       |       |       ||     6
         Chain mail        |    45 |   160 |   185 |   285 ||   675
  Dodge: Dodged            |    31 |    71 |   130 |   203 ||   435
  Block: Buckler           |    25 |    42 |    65 |    98 ||   230
         Reflection        |     1 |       |       |       ||     1
